AoeStats
← wxm

Arena

510738416Analyzed
1v1 RM · 11h ago on Oct 2, 2026· 31m 27s· 2 players
Game mode
Random Map
Map size
Tiny (2 player)
Population
200
Speed
Normal
Resources
Standard
Victory
Conquest
Starting age
Dark Age
Ending age
Imperial Age
RankedLock teamsTeams togetherTeam positionsShared explorationLock speedFull tech treeHidden civsTurbo modeCheats
Victory
Defeat
🇨🇳 Japanese · China
443
+15
🇳🇿 Berbers · New Zealand
425
-15
Slippery Susan
10:39 Feudal Age
11:03 Horse Collar
11:15 Double-Bit Axe
12:43 Wheelbarrow
16:18 Gold Mining
21:41 Castle Age
19:28 Loom
19:28 Town Watch
20:53 Stone Mining
21:10 Scale Mail Armor
21:03 Fletching
21:54 Forging
21:44 Pikeman
22:43 Squires
23:23 Padded Archer Armor
26:01 Hand Cart
28:30 Stone Shaft Mining
28:09 Bow Saw
wxm
9:17 Feudal Age
10:56 Wheelbarrow
10:15 Horse Collar
11:18 Wheelbarrow
11:20 Double-Bit Axe
18:54 Castle Age
18:40 Gold Mining
18:40 Stone Mining
19:54 Hand Cart
19:59 Heavy Plow
20:25 Bow Saw
21:54 Forging
21:21 Man-at-Arms
22:02 Squires
21:48 Arson
23:29 Long Swordsman
27:35 Pikeman
29:34 Gambesons
30:05 Fletching
30:51 Iron Casting
31:04 Yasama
Connection lost

Rejoining the realm…

Still unreachable

The connection could not be restored.

Session expired

The server has moved on; the page needs a fresh start.